 Dungeon Crawl Stone Soup version 0.24.0-35-gdb84b6a5db (webtiles) character file.

Game seed: 7808573432528054655, levelgen mode: deterministic

3280 Emblim88 the Demonic Catastrophe (level 9, -4/70 HPs)
             Began as a Demonspawn Monk on Nov 20, 2019.
             Was an Elder of Qazlal.
             Slain by a killer bee (9 damage)
             ... on level 8 of the Dungeon.
             The game lasted 00:26:57 (8133 turns).

Emblim88 the Demonic Catastrophe (Demonspawn Monk)  Turns: 8133, Time: 00:26:58

Health: -4/70      AC:  8    Str: 15    XL:     9   Next: 69%
Magic:  16/16      EV: 15    Int: 11    God:    Qazlal [****..]
Gold:   624        SH:  5    Dex: 16    Spells: 3/8 levels left

rFire    . . .     SeeInvis +   u - +2 morningstar of the Land of Plenty {elec, SInv}
rCold    . . .     Gourm    .   (no shield)
rNeg     + . .     Faith    .   I - +0 leather armour {rPois}
rPois    +         Spirit   .   w - +1 helmet
rElec    .         Reflect  .   k - +0 cloak
rCorr    .         Harm     +   r - +0 pair of gloves
MR       .....                  (no boots)
Stlth    +.........             A - amulet of harm
HPRegen  0.21/turn              a - ring of positive energy
MPRegen  0.15/turn              (no ring)

@: about to teleport, hasted, repel missiles, very quick
A: demonic guardian 1, powered by pain 1
a: Upheaval, Elemental Force, Renounce Religion


You were on level 8 of the Dungeon.
You worshipped Qazlal.
Qazlal was greatly pleased with you.
You were not hungry.

You visited 1 branch of the dungeon, and saw 8 of its levels.

You collected 624 gold pieces.

Inventory:

Hand Weapons
 u - the +2 morningstar of the Land of Plenty (weapon) {elec, SInv}
   (You took it off a crimson imp on level 7 of the Dungeon)

   Occasionally, upon striking a foe, it will discharge some electrical energy
   and cause terrible harm.
   It lets you see invisible.
 z - a +5 glaive of holy wrath
 B - a +1 vampiric rapier
 F - a +2 battleaxe of electrocution
 G - a +3 halberd of venom
 H - a +3 spear of freezing
Missiles
 h - 13 poisoned darts (quivered)
Armour
 k - a +0 cloak (worn)
 p - a +0 plate armour
 r - a +0 pair of gloves (worn)
 w - a +1 helmet (worn)
 I - a +0 leather armour of poison resistance (worn)
Jewellery
 a - a ring of positive energy (left hand)
 A - an amulet of harm (around neck)
Wands
 s - a wand of polymorph (5)
 t - a wand of digging (6)
 y - a wand of acid (3)
Scrolls
 b - a scroll of immolation
 d - 8 scrolls of teleportation
 e - 2 scrolls of blinking
 f - 4 scrolls of remove curse
 g - 2 scrolls of amnesia
 l - 2 scrolls of fear
 o - a scroll of enchant weapon
 q - a scroll of enchant armour
 C - a scroll of fog
Potions
 j - a potion of berserk rage
 n - 2 potions of lignification
 v - a potion of resistance
 x - a potion of invisibility
 D - a potion of mutation {unknown}
 E - a potion of brilliance {unknown}
Comestibles
 c - 10 rations
 m - a chunk of flesh


   Skills:
 + Level 6.3 Fighting
 - Level 3.4(4.4) Short Blades
   Level 4.2(4.8) Long Blades
 * Level 1.5 Maces & Flails
 + Level 4.9 Armour
 + Level 5.7 Dodging
 - Level 2.4 Stealth
 * Level 0.7 Translocations
 * Level 9.7 Invocations
 - Level 0.2 Evocations


You had 3 spell levels left.
You knew the following spells:

 Your Spells              Type           Power        Failure   Level  Hunger
a - Mephitic Cloud        Conj/Pois/Air  #.......     77%         3    ####...
b - Blink                 Tloc           N/A          43%         2    ###....

Your spell library contained the following spells:

 Spells                   Type           Power        Failure   Level  Hunger
 Beastly Appendage        Tmut           #.....       38%         1    ##.....
 Magic Dart               Conj           #...         38%         1    ##.....
 Call Imp                 Summ           #.......     54%         2    ###....
 Slow                     Hex            #.......     54%         2    ###....
 Sticks to Snakes         Tmut           #.......     54%         2    ###....
 Conjure Flame            Conj/Fire      #.......     77%         3    ####...
 Spider Form              Tmut/Pois      #.........   77%         3    ####...
 Ice Form                 Ice/Tmut       #.......     99%         4    #####..
 Blade Hands              Tmut           #.........   100%        5    ######.


Dungeon Overview and Level Annotations

Branches:
Dungeon (8/15)             Temple (0/1) D:5
   Lair: D:8-11

Altars:
Ashenzari
Elyvilon
Fedhas
Gozag
Kikubaaqudgha
Okawaru
Qazlal
Ru
Trog
Uskayaw

Shops:
D:5 }


Innate Abilities, Weirdness & Mutations

A weak demonic guardian rushes to your aid.
You sometimes gain a little power by taking damage.


Message History

Your ufetubus hits the two-headed ogre.
The two-headed ogre barely misses your ufetubus.
The two-headed ogre hits your ufetubus with a +0 giant club.
A killer bee comes into view.
Your ufetubus completely misses the two-headed ogre.
Your ufetubus barely misses the two-headed ogre.
The killer bee buzzes angrily.
As you read the scroll of teleportation, it crumbles to dust.
You feel strangely unstable.
A killer bee comes into view.
Your ufetubus hits the two-headed ogre.
Your ufetubus closely misses the two-headed ogre.
The two-headed ogre hits your ufetubus with a +0 giant club!!
Your ufetubus dies!
The killer bee moves out of view.
It was a potion of haste.
You feel yourself speed up. The killer bee stings you!
* * * LOW HITPOINT WARNING * * *
The killer bee stings you!
You die...

#.###÷#.#
###'#...#.#
#.....###.y
#.......#.#
#....##.#y# #
+....##.#.######8#
#....##.#y.§.....#
#######.☼y.☼.....#
#..@§O......
#○..>.°.....
#...........
#...........
#.........#.
..........#
###........#
#...$....#


You could see a two-headed ogre and 4 killer bees.

Vanquished Creatures
  A gargoyle (D:7)
  A hippogriff (D:7)
  A shadow (D:7)
  A hungry ghost (D:7)
  Edmund (D:6)
  2 sky beasts
  A black bear (D:8)
  The ghost of Velo the Shield-Bearer, an amateur HOFi (D:6)
  A phantom (D:7)
  2 ogres
  A big kobold (D:7)
  3 bullfrogs
  Blork the orc (D:4)
  A killer bee (D:7)
  2 scorpions (D:7)
  4 howler monkeys
  3 crimson imps
  A hound (D:7)
  A bullfrog zombie (D:5)
  3 jellies
  A quasit (D:6)
  3 bullfrog skeletons
  3 centaur skeletons
  2 iguanas
  6 orc wizards
  4 worker ants
  Robin (D:2)
  9 adders
  8 gnolls
  2 worms
  2 dart slugs
  7 leopard geckos
  6 orcs
  4 giant cockroaches
  21 goblins
  6 hobgoblins
  14 jackals
  5 kobolds
  2 quokkas
  A ball python (D:2)
  10 bats
  4 frilled lizards
  A jackal zombie (D:5)
  A quokka skeleton (D:5)
  A quokka zombie (D:6)
  2 rats
158 creatures vanquished.

Vanquished Creatures (collateral kills)
  A shadow (D:7)
  A sky beast (D:8)
  A black bear (D:7)
  An ogre (D:5)
  3 adders
  A leopard gecko (D:8)
  An orc (D:3)
  A jackal (D:6)
  2 kobolds (D:7)
12 creatures vanquished.

Grand Total: 170 creatures vanquished

Notes
Turn   | Place    | Note
-------+----------+-------------------------------------------
     0 | D:1      | Emblim88 the Demonspawn Monk began the quest for the Orb.
     0 | D:1      | Reached XP level 1. HP: 18/18 MP: 1/1
   519 | D:1      | Gained mutation: A weak demonic guardian rushes to your
                  | aid. [demonic ancestry]
   519 | D:1      | Reached XP level 2. HP: 21/24 MP: 2/2
  1645 | D:2      | Reached XP level 3. HP: 10/29 MP: 3/3
  1843 | D:2      | Noticed Robin
  1859 | D:2      | Killed Robin
  2090 | D:2      | Reached XP level 4. HP: 13/35 MP: 4/4
  2421 | D:2      | Reached skill level 1 in Armour
  2848 | D:2      | Found a stormy altar of Qazlal.
  2850 | D:2      | Noticed an earth elemental
  2851 | D:2      | Noticed a fire elemental
  2851 | D:2      | Noticed a water elemental
  2851 | D:2      | Noticed an air elemental
  2856 | D:2      | Became a worshipper of Qazlal Stormbringer
  2856 | D:2      | Reached * piety under Qazlal
  2856 | D:2      | Reached ** piety under Qazlal
  3086 | D:3      | Reached skill level 1 in Invocations
  3096 | D:3      | Gained mutation: You sometimes gain a little power by
                  | taking damage. [demonic ancestry]
  3096 | D:3      | Reached XP level 5. HP: 39/42 MP: 4/6
  3129 | D:3      | Reached skill level 2 in Invocations
  3501 | D:3      | Found a blossoming altar of Fedhas.
  3720 | D:3      | Found a shattered altar of Ashenzari.
  3903 | D:4      | Noticed Blork the orc
  3921 | D:4      | Killed Blork the orc
  3921 | D:4      | Reached skill level 3 in Invocations
  3921 | D:4      | Reached XP level 6. HP: 34/48 MP: 8/8
  4034 | D:4      | Reached *** piety under Qazlal
  4035 | D:4      | Reached skill level 4 in Invocations
  4252 | D:4      | Reached XP level 7. HP: 55/55 MP: 10/10
  4324 | D:4      | Found an iron altar of Okawaru.
  4456 | D:5      | Entered Level 5 of the Dungeon
  4588 | D:5      | Found Soajuom's Gadget Emporium.
  4759 | D:5      | Reached skill level 5 in Invocations
  5115 | D:5      | Found a staircase to the Ecumenical Temple.
  5125 | D:5      | Learned a level 3 spell: Mephitic Cloud
  5758 | D:6      | Reached skill level 1 in Short Blades
  5758 | D:6      | Reached skill level 6 in Invocations
  5758 | D:6      | Reached XP level 8. HP: 61/61 MP: 12/12
  5762 | D:6      | Found a runed translucent door.
  5776 | D:6      | Reached skill level 5 in Fighting
  5820 | D:6      | Found a runed translucent door.
  5829 | D:6      | Found an ancient bone altar of Kikubaaqudgha.
  5881 | D:6      | Found a sacrificial altar of Ru.
  5885 | D:6      | Found a bloodstained altar of Trog.
  5890 | D:6      | Found an opulent altar of Gozag.
  5913 | D:6      | Noticed Edmund
  5923 | D:6      | Killed Edmund
  6179 | D:6      | Noticed Velo's ghost (amateur HOFi)
  6244 | D:6      | Reached skill level 7 in Invocations
  6316 | D:6      | Found a hide-covered altar of Uskayaw.
  6447 | D:6      | Killed Velo's ghost
  6741 | D:7      | Reached skill level 5 in Dodging
  6814 | D:7      | Noticed a hippogriff
  6821 | D:7      | Killed a hippogriff
  6821 | D:7      | Reached skill level 8 in Invocations
  6832 | D:7      | Found a white marble altar of Elyvilon.
  6962 | D:7      | Found a sacrificial altar of Ru.
  7035 | D:7      | Reached XP level 9. HP: 69/69 MP: 15/15
  7082 | D:7      | Reached **** piety under Qazlal
  7650 | D:7      | Noticed a gargoyle
  7652 | D:7      | Killed a gargoyle
  7652 | D:7      | Reached skill level 9 in Invocations
  7688 | D:7      | Identified the cursed +2 morningstar of the Land of Plenty
                  | {elec, SInv}
  7892 | D:7      | Reached skill level 1 in Maces & Flails
  7934 | D:7      | Learned a level 2 spell: Blink
  8122 | D:8      | Noticed a two-headed ogre
  8133 | D:8      | Slain by a killer bee

Levels and vault maps discovered:
D:1:      dpeg_arrival_water_fire, layout_loops_ring
D:2:      layout_loops_ring, nicolae_qazlal_style_of_elements, uniq_robin
D:3:      layout_basic, lemuel_round_altar, lemuel_crystal_altar
D:4:      layout_cave_pools, okawaru_altar_gauntlet_db, first_ration,
          uniq_blork_the_orc
D:5:      layout_layer_cave, minmay_temple_entry_drinking_statues, serial_shops,
          shop, minmay_misc_feat_four_crosses, minmay_increasing_density
D:6:      layout_cave_pools, eat_drink_and_be_merry_uskayaw,
          minmay_overflow_temple_star_quad, ebering_ghost_sewer_f,
          lemuel_altar_in_water, uniq_edmund
D:7:      minmay_the_grid_octo_tiled_squarecenter
          [minmay_the_grid_octo_pinwheel, minmay_the_grid_octo_empty,
          minmay_the_grid_octo_empty, minmay_the_grid_octo_77,
          minmay_the_grid_square_5x5_megaprize_diamond,
          minmay_the_grid_square_5x5_moneybag,
          minmay_the_grid_square_5x5_dogpile,
          minmay_the_grid_square_5x5_hourglass,
          minmay_the_grid_square_5x5_shrine2], layout_basic, kennysheep_mini,
          nicolae_ru_sacrificial_ziggurat
D:8:      minmay_bubble_buster, layout_basic, serial_shops,
          nicolae_shop_statue_plus, nicolae_shop_trees,
          grunt_dithmenos_smoke_and_mirrors

Skill      XL: |  1  2  3  4  5  6  7  8  9 |
---------------+----------------------------+-----
Stealth        | 2 |  2.4
Long Blades    | 3 4 |  4.2
Dodging        | 3 4 5 |  5.7
Armour         | 1 2 3 4 |  4.9
Invocations    | 1 3 4 6 8 9 |  9.7
Fighting       | 4 5 6 |  6.3
Short Blades   | 1 2 3 |  3.4
Maces & Flails | 1 |  1.5
Translocations | |  0.7
Evocations     | |  0.2

Action                   |  1- 3 |  4- 6 |  7- 9 || total
-------------------------+-------+-------+-------++-------
Melee: Falchion          |   166 |   231 |    10 ||   407
       Rapier            |       |       |   296 ||   296
       Morningstar       |       |       |    40 ||    40
Throw: Dart              |     2 |       |       ||     2
Invok: Upheaval          |       |     1 |     1 ||     2
Evoke: Wand              |       |       |     6 ||     6
  Use: Scroll            |       |     8 |     8 ||    16
       Potion            |       |     2 |     7 ||     9
 Stab: Sleeping          |     1 |       |       ||     1
       Distracted        |       |     1 |     3 ||     4
  Eat: Ration            |     1 |     1 |     2 ||     4
       Chunk             |       |     5 |     6 ||    11
Armor: Robe              |    14 |       |       ||    14
       Plate armour      |   121 |   237 |   139 ||   497
       Skin              |    18 |       |       ||    18
       Leather armour    |       |       |    28 ||    28
Dodge: Dodged            |    55 |    56 |   149 ||   260
       Deflected         |       |       |     1 ||     1
Block: Other             |       |    28 |    74 ||   102
       Rpst.: Falchion   |    13 |    19 |       ||    32
